 Dungeon Crawl Stone Soup version 0.30-a0-719-gcc4359ea44 (webtiles) character file.

Game seed: 9177267944488948128

121 rageheart7 the Ruffian (level 4, -1/48 HPs)
             Began as a Troll Delver on Jan 26, 2023.
             Was an Initiate of Ru.
             Slain by Pikel
             ... wielding a +0 whip of freezing
              (3 damage)
             ... on level 5 of the Dungeon.
             The game lasted 00:01:28 (744 turns).

rageheart7 the Ruffian (Troll Delver)                Turns: 744, Time: 00:01:29

Health: -1/48      AC:  6    Str: 22    XL:     4   Next: 77%
Magic:  3/3        EV:  9    Int:  6    God:    Ru [......]
Gold:   12         SH:  0    Dex: 11    Spells: 3/3 levels left

rFire   . . .      SeeInvis .      - Unarmed
rCold   . . .      Faith    .    (no shield)
rNeg    . . .      Spirit   .    a - +0 robe
rPois   .          Reflect  .    (helmet restricted)
rElec   .          Harm     .    g - +1 cloak
rCorr   .          Rampage  .    (gloves unavailable)
Will    .....                    (boots unavailable)
Stlth   ++                       (no amulet)
HPRegen 1.08/turn                (no ring)
MPRegen 0.08/turn                (no ring)

@: no status effects
A: large, unfitting armour, claws 3, regeneration 1, shaggy fur 1, tough skin 1
a: Renounce Religion


You were on level 5 of the Dungeon.
You worshipped Ru.
Ru was noncommittal.
You visited 2 branches of the dungeon, and saw 2 of its levels.

You collected 12 gold pieces.

Inventory:

Armour
 a - a +0 robe (worn)
 g - a +1 cloak (worn)
Wands
 f - a wand of digging (3)
Scrolls
 b - a scroll of fog
 c - a scroll of magic mapping
 d - a scroll of fear
 i - a scroll of vulnerability {unknown}
Potions
 e - a potion of haste
 h - a potion of curing {unknown}


   Skills:
 * Level 3.6 Fighting
 - Level 1.5 Dodging
 - Level 2.7 Stealth
 * Level 3.8 Unarmed Combat


You had 3 spell levels left.
You didn't know any spells.
Your spell library was empty.

Dungeon Overview and Level Annotations

Branches:
Dungeon (5/15)             Temple (1/1) D:5

Altars:
Ashenzari
Cheibriados
Dithmenos
Elyvilon
Fedhas
Gozag
Hepliaklqana
Kikubaaqudgha
Makhleb
Nemelex Xobeh
Qazlal
Ru
Sif Muna
Trog
Uskayaw
Wu Jian
Xom
Yredelemnul
Zin
The Shining One

Annotations:
D:5 Pikel


Innate Abilities, Weirdness & Mutations

You are too large for most types of armour.
You have claws for hands.
Your natural rate of healing is unusually fast.
You are covered in fur. (AC +1)
You have tough skin. (AC +1)


Message History

You scratch Pikel but do no damage.
The lemure shouts!
You scratch Pikel.
Pikel is lightly wounded.
You scratch Pikel but do no damage.
Pikel is lightly wounded.
Pikel drinks a potion.
Pikel seems to grow stronger.
You scratch Pikel but do no damage.
Pikel is lightly wounded.
Pikel hits you but does no damage.
A lemure comes into view.
You closely miss Pikel.
Pikel is lightly wounded.
Pikel closely misses you.
You barely miss Pikel.
Pikel is lightly wounded.
Pikel barely misses you.
You scratch Pikel.
Pikel is lightly wounded.
Pikel hits you with a +0 whip of freezing!
Pikel freezes you.
You claw Pikel!
Pikel is moderately wounded.
Pikel misses you.
You barely miss Pikel.
Pikel is moderately wounded.
Pikel hits you with a +0 whip of freezing!
Pikel freezes you.
You scratch Pikel but do no damage.
Pikel is moderately wounded.
Pikel hits you with a +0 whip of freezing.
* * * LOW HITPOINT WARNING * * *
Pikel freezes you.
* * * LOW HITPOINT WARNING * * *
You scratch Pikel but do no damage.
Pikel is moderately wounded.
Pikel hits you with a +0 whip of freezing!
* * * LOW HITPOINT WARNING * * *
Pikel freezes you.
You die...

...^.#### ##.##....
.....# #†# ##
.###########†#
..........##'##
..#######[#...## ..##
#......##
...######.......##
......##.........####...
......)'........@K5555..
#.....##.........####...
..#...###.......##
.###...........## .
#....####...## o ##....#
##+## # ##..... .......
#.w.....


You could see Pikel (strong) and 4 lemures.

Vanquished Creatures
  A gnoll bouda (D:5)
  A jelly (D:5)
  An iguana (D:5)
  2 gnolls (D:5)
  An adder (D:5)
  A dart slug (D:5)
  An orc (D:5)
  4 jackals (D:5)
12 creatures vanquished.

Vanquished Creatures (others)
  4 plants (D:5)
4 creatures vanquished.

Grand Total: 16 creatures vanquished

Notes
Turn   | Place    | Note
-------+----------+-------------------------------------------
     0 | D:5      | rageheart7 the Troll Delver began the quest for the Orb.
     0 | D:5      | Reached XP level 1. HP: 22/22 MP: 0/0
    32 | D:5      | Noticed a gnoll bouda
    48 | D:5      | Reached XP level 2. HP: 29/29 MP: 1/1
    62 | D:5      | Reached XP level 3. HP: 37/37 MP: 2/2
   109 | D:5      | Found a staircase to the Ecumenical Temple.
   114 | Temple   | Entered the Ecumenical Temple
   531 | Temple   | Became a worshipper of Ru the Awakened
   566 | D:5      | Noticed a scorpion
   643 | D:5      | Reached XP level 4. HP: 45/45 MP: 3/3
   730 | D:5      | Noticed Pikel
   730 | D:5      | Noticed a lemure
   730 | D:5      | Noticed a lemure
   730 | D:5      | Noticed a lemure
   737 | D:5      | Noticed a lemure
   744 | D:5      | HP: 2/48 [Pikel/+0 whip of freezing (9)]
   744 | D:5      | Slain by Pikel

Illustrated notes

Levels and vault maps discovered:
D:5:      layout_loops_corners, minmay_temple_entry_gardened_gates,
          nicolae_figureground_sparkle, uniq_pikel
Temple:   mainiacjoe_temple_big_plus

Skill      XL: |  1  2 |
---------------+-------+-----
Fighting       | 3 |  3.6
Unarmed Combat | 3 |  3.8
Dodging        | |  1.5
Stealth        | |  2.7

Action                     |  1- 3 |  4- 6 || total
---------------------------+-------+-------++-------
  Melee: Unarmed           |    37 |    26 ||    63
         Punch             |     1 |       ||     1
 Armour: Robe              |     5 |     4 ||     9
  Dodge: Dodged            |    17 |     6 ||    23

Table legend: (Time is in decaauts)
 A = Elapsed time spent in this place.
 B = Non-inter-level travel time spent in this place.
 C = Inter-level travel time spent in this place.
 D = Time resting spent in this place.
 E = Time spent auto-exploring this place.
 F = Levels seen in this place.
 G = Mean time per level.
                   A        B        C        D        E       F      G
               +--------+--------+--------+--------+--------+-----+--------+
         Total |    739 |    683 |     56 |      0 |    512 |   2 |  369.5 |
       Dungeon |    292 |    292 |      0 |      0 |    128 |   1 |  292.0 |
        Temple |    447 |    391 |     56 |      0 |    384 |   1 |  447.0 |
               +--------+--------+--------+--------+--------+-----+--------+

Top non-repeatable levels by time:
  Temple: 447 daAuts
     D:5: 292 daAuts
